 Dungeon Crawl Stone Soup version 0.30-a0-250-g41c1d76940 (webtiles) character file.

Game seed: 2779856071841716231

2277 Pooter the Cleaver (level 9, -6/81 HPs)
             Began as a Minotaur Berserker on Oct 12, 2022.
             Was an Elder of Trog.
             Mangled by a rust devil (7 damage)
             ... on level 6 of the Dungeon.
             The game lasted 00:31:51 (5505 turns).

Pooter the Cleaver (Minotaur Berserker)             Turns: 5505, Time: 00:31:52

Health: -6/81      AC: -23   Str: 25    XL:     9   Next: 16%
Magic:  0/8        EV:  8    Int:  4    God:    Trog [****..]
Gold:   320        SH:  0    Dex: 17    Spells: 8/8 levels left

rFire   . . .      SeeInvis .    a - +4 battleaxe
rCold   . . .      Faith    .    (shield currently unavailable)
rNeg    . . .      Spirit   +    q - +0 plate armour
rPois   .          Reflect  .    (helmet restricted)
rElec   .          Harm     .    (no cloak)
rCorr   .          Rampage  .    (no gloves)
Will    .....                    y - +0 pair of boots
Stlth   ..........               G - amulet of guardian spirit
HPRegen 0.33/turn                s - +6 ring of dexterity
MPRegen 0.11/turn                (no ring)

@: corroded, on berserk cooldown, slowed, very slow
A: horns 2, retaliatory headbutt
a: Renounce Religion, Berserk, Trog's Hand, Brothers in Arms


You were on level 6 of the Dungeon.
You worshipped Trog.
Trog was greatly pleased with you.
You visited 1 branch of the dungeon, and saw 6 of its levels.
You also visited: Sewer.

You collected 320 gold pieces.

Inventory:

Hand Weapons
 a - a +4 battleaxe (weapon)
   (You took it off a wight on level 6 of the Dungeon)
 b - a +2 arbalest
   (You found it on level 5 of the Dungeon)
 i - a +2 vorpal flail
   (You took it off a kobold on level 4 of the Dungeon)
 m - a +1 war axe
   (You found it on level 4 of the Dungeon)
 H - a +2 trident of flaming
   (You took it off an orc on level 5 of the Dungeon)
 I - a +0 morningstar
   (You found it on level 5 of the Dungeon)
Missiles
 g - 13 poisoned darts (quivered)
 u - 5 boomerangs
 Q - 29 stones
Armour
 q - a +0 plate armour (worn)
   (You found it on level 2 of the Dungeon)
 y - a +0 pair of boots (worn)
   (You found it on level 4 of the Dungeon)
Jewellery
 e - a +6 ring of intelligence
   (You found it on level 1 of the Dungeon)
 s - a +6 ring of dexterity (left hand)
   (You found it on level 3 of the Dungeon)
 G - an amulet of guardian spirit (around neck)
   (You found it on level 2 of the Dungeon)
Wands
 f - a wand of flame (39)
   (You found it on level 3 of the Dungeon)
 w - a wand of roots (8)
   (You found it on level 4 of the Dungeon)
 J - a wand of light (5)
   (You found it on level 2 of the Dungeon)
Scrolls
 c - 5 scrolls of poison {!r}
 d - a scroll of immolation {!r}
 j - a scroll of vulnerability {!r}
 n - a scroll of summoning
 o - a scroll of enchant armour {unknown}
 p - 5 scrolls of noise {unknown}
 t - 4 scrolls of teleportation {@r4}
 v - 3 scrolls of blinking
 B - 2 scrolls of butterflies {unknown}
 C - 4 scrolls of magic mapping {unknown}
 E - 2 scrolls of fear {unknown}
Potions
 h - 4 potions of curing {@q1}
 k - a potion of flight {unknown}
 l - 2 potions of attraction {unknown}
 r - a potion of cancellation {unknown}
 x - 2 potions of ambrosia {unknown}
 z - a potion of mutation {unknown}
 A - a potion of heal wounds {unknown}
 D - 3 potions of degeneration {unknown}
 F - a potion of magic {unknown}
 K - 2 potions of haste {unknown}


   Skills:
 + Level 8.0 Fighting
 * Level 9.7(9.8) Axes
 - Level 2.0(6.5) Maces & Flails
 * Level 5.1 Ranged Weapons
 - Level 3.6 Armour
 - Level 3.3 Dodging
 - Level 1.7 Stealth
 - Level 3.0 Evocations


You had 8 spell levels left.
You didn't know any spells.
Your spell library was empty.

Dungeon Overview and Level Annotations

Branches:
Dungeon (6/15)              Sewer (visited)
 Temple: D:4-7

Altars:
Cheibriados
Dithmenos
Nemelex Xobeh
Wu Jian


Innate Abilities, Weirdness & Mutations

You have a pair of horns on your head.
You reflexively headbutt those who attack you in melee.


Message History

Unknown command.
You slash the rust devil! x2; The rust devil hits you!
* * * LOW MAGIC WARNING * * *
The rust devil corrodes you! The rust devil hits you!
* * * LOW HITPOINT WARNING * * *
The rust devil corrodes you!
You hit the rust devil but do no damage.
You headbutt the rust devil, but do no damage.
You hit the rust devil but do no damage.
Your skin stops crawling.
You feel less strong-willed. The rust devil hits you!
* * * LOW MAGIC WARNING * * *
* * * LOW HITPOINT WARNING * * *
The rust devil corrodes you! The rust devil hits you.
* * * LOW HITPOINT WARNING * * *
The rust devil corrodes you!
Unknown command.
You barely miss the rust devil.
You hit the rust devil but do no damage.
The rust devil hits you.
* * * LOW HITPOINT WARNING * * *
The rust devil corrodes you! The rust devil hits you!
* * * LOW MAGIC WARNING * * *
* * * LOW HITPOINT WARNING * * *
The rust devil corrodes you!
You climb downwards.
You feel a strong urge to attack something.
There is a stone staircase leading up, spattered with blood here.
You hit the rust devil but do no damage.
You barely miss the rust devil. The rust devil hits you!
* * * LOW HITPOINT WARNING * * *
The rust devil corrodes you! The rust devil hits you!
* * * LOW HITPOINT WARNING * * *
The rust devil corrodes you!
You hit the rust devil but do no damage. x2
The rust devil hits you.
* * * LOW HITPOINT WARNING * * *
The rust devil corrodes you! The rust devil barely misses you.
You hit the rust devil but do no damage.
You closely miss the rust devil. The rust devil hits you.
* * * LOW HITPOINT WARNING * * *
The rust devil corrodes you! The rust devil hits you!
* * * LOW HITPOINT WARNING * * *
The rust devil corrodes you!
You hit the rust devil but do no damage. x2
You are no longer berserk.
You are exhausted.
You feel yourself slow down. The rust devil hits you!
You die...

... #.##.# #.###.##.#
#...#.##.## # #....##..#
###.
#.####.#.####.##....
#................... ..
######.##..........#
....####[......#........
.......@..########......
....##44[## #...##.
........## ###...##.
...#...##### #........
#.#......._####.#...##.
#...#.#.........#...# #
##..#. .....### #...###
#..##.##.....###....##
#..........#..........


You could see 2 rust devils.

Vanquished Creatures
  Eustachio (D:6)
  Edmund (D:4)
  Duvessa (D:4)
  2 black bears (D:6)
  2 orc warriors (D:6)
  An ogre (D:6)
  Blork the orc (D:4)
  3 bullfrogs
  2 necrophages
  2 scorpions
  Dowan (D:4)
  5 wights (D:6)
  3 hounds
  3 orc priests
  2 iguanas
  Ijyb (D:3)
  3 orc wizards
  Terence (D:2)
  14 adders
  3 gnolls (D:3)
  2 river rats (Sewer)
  3 white imps
  3 worms
  15 orcs
  8 endoplasms
  5 giant cockroaches
  9 goblins
  12 hobgoblins
  4 kobolds
  3 quokkas
  14 ball pythons
  5 bats
  3 frilled lizards
  36 rats
174 creatures vanquished.

Vanquished Creatures (others)
  A withered plant (D:2)
1 creature vanquished.

Grand Total: 175 creatures vanquished

Notes
Turn   | Place    | Note
-------+----------+-------------------------------------------
     0 | D:1      | Pooter the Minotaur Berserker began the quest for the Orb.
     0 | D:1      | Reached XP level 1. HP: 19/19 MP: 0/0
   112 | D:1      | Reached skill level 4 in Axes
   155 | D:1      | Reached XP level 2. HP: 27/27 MP: 1/1
   828 | D:2      | Reached ** piety under Trog
   830 | D:2      | Reached XP level 3. HP: 33/33 MP: 2/2
  1168 | D:2      | Reached skill level 5 in Axes
  1211 | D:2      | Found a faded altar of an unknown god.
  1580 | D:2      | Noticed Terence
  1585 | D:2      | Killed Terence
  1586 | D:2      | Reached XP level 4. HP: 41/41 MP: 1/3
  1858 | D:3      | Noticed Ijyb
  1874 | D:3      | Killed Ijyb
  2077 | D:3      | Found a snail-covered altar of Cheibriados.
  2084 | D:3      | Reached skill level 6 in Axes
  2085 | D:3      | Reached skill level 5 in Fighting
  2087 | D:3      | Reached XP level 5. HP: 48/48 MP: 4/4
  2507 | D:4      | Noticed Dowan
  2525 | D:4      | Killed Dowan
  2526 | D:4      | Noticed Duvessa
  2633 | D:4      | Killed Duvessa
  2634 | D:4      | Reached skill level 1 in Stealth
  2634 | D:4      | Reached skill level 1 in Evocations
  2634 | D:4      | Reached XP level 6. HP: 34/56 MP: 1/5
  2984 | D:4      | Identified the +0 ring mail "Dyetan" {rF+}
  3086 | D:4      | Noticed Edmund
  3089 | D:4      | Noticed Blork the orc
  3099 | D:4      | Killed Edmund
  3100 | D:4      | Reached skill level 1 in Maces & Flails
  3101 | D:4      | Killed Blork the orc
  3102 | D:4      | Reached XP level 7. HP: 62/62 MP: 6/6
  3153 | D:4      | Found a shadowy altar of Dithmenos.
  3234 | D:4      | Found an ornate altar of the Wu Jian Council.
  3455 | D:5      | Entered Level 5 of the Dungeon
  3455 | D:5      | Found a glowing drain.
  3539 | D:5      | Reached *** piety under Trog
  3545 | Sewer    | Entered a sewer
  3700 | Sewer    | Reached **** piety under Trog
  3825 | Sewer    | Reached skill level 7 in Axes
  4062 | D:5      | Reached XP level 8. HP: 69/71 MP: 5/7
  4224 | D:5      | Reached skill level 1 in Ranged Weapons
  4546 | D:6      | Reached skill level 8 in Axes
  4686 | D:6      | Found a sparkling altar of Nemelex Xobeh.
  4859 | D:6      | Noticed Eustachio
  4877 | D:6      | Killed Eustachio
  4965 | D:6      | Reached skill level 9 in Axes
  4982 | D:6      | Reached XP level 9. HP: 64/81 MP: 8/8
  5305 | D:5      | Noticed a rust devil
  5305 | D:5      | Noticed a rust devil
  5315 | D:6      | Reached skill level 5 in Ranged Weapons
  5504 | D:6      | HP: 1/121 [rust devil (11)]
  5505 | D:6      | Mangled by a rust devil

Illustrated notes

Levels and vault maps discovered:
D:1:      ncdulo_smallfort, layout_basic
D:2:      kennysheep_the_goblin_king, layout_basic,
          ebering_ecumenical_altar_petrified, kennysheep_nub,
          minmay_close_crescents, uniq_terence
D:3:      layout_basic, mainiacjoe_overflow_small_starburst, uniq_ijyb
D:4:      layout_basic, overflow_temple_1_default,
          nicolae_wu_jian_immortal_techniques, uniq_duvessa, uniq_blork_the_orc,
          uniq_edmund
D:5:      cheibrodos_iron_armory, layout_cave_pools, gup_sewer_entry_glass
D:6:      layout_rooms, overflow_temple_1_default, grunt_qazlal_clouds,
          uniq_eustachio

Skill      XL: |  1  2  3  4  5  6  7  8  9 |
---------------+----------------------------+-----
Axes           | 4 5 6 7 9 |  9.7
Fighting       | 4 5 6 7 8 |  8.0
Armour         | 3 |  3.6
Stealth        | 1 |  1.7
Evocations     | 1 2 3 |  3.0
Dodging        | 3 |  3.3
Maces & Flails | 2 |  2.0
Ranged Weapons | 4 5 |  5.1

Action                   |  1- 3 |  4- 6 |  7- 9 || total
-------------------------+-------+-------+-------++-------
Melee: Hand axe          |    78 |    53 |       ||   131
       Headbutt          |    13 |    11 |    32 ||    56
       Punch             |       |     1 |     1 ||     2
       Flail             |       |    13 |    33 ||    46
       War axe           |       |       |   138 ||   138
       Battleaxe         |       |       |    21 ||    21
 Fire: Arbalest          |       |       |    29 ||    29
Throw: Dart              |       |     8 |     8 ||    16
Invok: Berserk           |     1 |     3 |     6 ||    10
       Trog's Hand       |       |     2 |     4 ||     6
Evoke: Wand              |     2 |     6 |     1 ||     9
  Use: Scroll            |     4 |     3 |     5 ||    12
 Stab: Sleeping          |     1 |       |       ||     1
       Invisible         |       |     5 |       ||     5
Armor: Animal skin       |     8 |       |       ||     8
       Chain mail        |    10 |       |       ||    10
       Plate armour      |       |    15 |   159 ||   174
Dodge: Dodged            |    48 |    23 |   103 ||   174

Table legend: (Time is in decaauts)
 A = Elapsed time spent in this place.
 B = Non-inter-level travel time spent in this place.
 C = Inter-level travel time spent in this place.
 D = Time resting spent in this place.
 E = Time spent auto-exploring this place.
 F = Levels seen in this place.
 G = Mean time per level.
                   A        B        C        D        E       F      G
               +--------+--------+--------+--------+--------+-----+--------+
         Total |   5702 |   5525 |    177 |   1004 |   3281 |   7 |  814.6 |
       Dungeon |   5282 |   5105 |    177 |    935 |   3104 |   6 |  880.3 |
         Sewer |    419 |    419 |      0 |     68 |    176 |   1 |  419.0 |
               +--------+--------+--------+--------+--------+-----+--------+

Top non-repeatable levels by time:
     D:2: 1121 daAuts
     D:4: 1025 daAuts
     D:6: 1016 daAuts
     D:5: 760 daAuts
     D:1: 711 daAuts
     D:3: 647 daAuts
   Sewer: 419 daAuts
